AoeStats
← ItsRiZeTV

Black Forest

509235778Analyzed
4v4 RM · 4d ago on Sep 26, 2026· 40m 18s· 8 players
Game mode
Random Map
Map size
Large (8 player)
Population
200
Speed
Normal
Resources
Standard
Victory
Conquest
Starting age
Dark Age
Ending age
Imperial Age
RankedLock teamsTeams togetherTeam positionsShared explorationLock speedFull tech treeHidden civsTurbo modeCheats
Victory
Defeat
🇲🇽 Khmer · Mexico
930
+11
🇮🇱 Byzantines · Israel
867
+13
🇭🇰 Khmer · Hong Kong SAR China
779
+27
🇲🇽 Franks · Mexico
680
+21
🇺🇸 Danes · United States
855
-18
🇺🇸 Huns · United States
791
-15
🇺🇸 Spanish · United States
780
-15
🇺🇸 Teutons · United States
764
-14
ItsRiZeTV
8:31 Loom
11:07 Feudal Age
12:16 Man-at-Arms
15:54 Arson
19:39 Horse Collar
19:46 Double-Bit Axe
25:20 Castle Age
24:39 Forging
25:11 Stone Mining
25:22 Long Swordsman
25:49 Gambesons
28:06 Bloodlines
27:57 Husbandry
28:15 Squires
29:04 Gold Mining
30:30 Iron Casting
33:26 Town Watch
33:59 Scale Barding Armor
35:45 Chain Barding Armor
36:21 Heavy Plow
38:43 Wheelbarrow
.:sTeeL:.
1:02 Loom
jcarroll10
autokalishnikovmodern2022
songshu512
HTELRA6828
2:24 Loom
18:12 Feudal Age
19:09 Gold Mining
20:18 Wheelbarrow
19:46 Horse Collar
20:29 Double-Bit Axe
24:14 Arson
24:23 Stone Mining
27:19 Forging
27:09 Scale Mail Armor
27:01 Fletching
27:12 Padded Archer Armor
29:41 Padded Archer Armor
33:22 Castle Age
32:36 Bloodlines
34:37 Hand Cart
36:13 Heavy Plow
36:26 Bow Saw
alangb_par
3:50 Loom
11:53 Feudal Age
12:22 Double-Bit Axe
18:51 Fishing Lines
18:44 Man-at-Arms
19:12 Arson
19:33 Scale Mail Armor
19:44 Forging
19:22 Man-at-Arms
19:48 Arson
20:53 Gold Mining
21:36 Forging
21:28 Scale Mail Armor
21:40 Forging
21:31 Scale Mail Armor
22:16 Scale Mail Armor
22:27 Forging
31:57 Castle Age
32:48 Castle Age
34:05 Castle Age
35:21 Bow Saw
35:21 Long Swordsman
35:46 Gambesons
35:22 Pikeman
35:24 Long Swordsman
35:49 Gambesons
35:25 Pikeman
35:31 Crossbowman
36:38 Chain Mail Armor
36:58 Iron Casting
36:15 Fletching
36:25 Padded Archer Armor
36:41 Chain Mail Armor
37:02 Iron Casting
36:18 Fletching
36:28 Padded Archer Armor
36:34 Scale Barding Armor
37:27 Crossbowman
38:33 Chain Mail Armor
38:54 Iron Casting
38:10 Fletching
38:21 Padded Archer Armor
38:28 Scale Barding Armor
39:54 Squires
40:34 Squires
Nimble
0:36 Loom
15:35 Feudal Age
18:59 Double-Bit Axe
20:03 Stone Mining
21:57 Horse Collar
27:00 Castle Age
30:56 Wheelbarrow
30:39 Bow Saw
35:56 Heavy Plow
38:47 Imperial Age
40:28 Chemistry
40:57 Two-Man Saw
Connection lost

Rejoining the realm…

Still unreachable

The connection could not be restored.

Session expired

The server has moved on; the page needs a fresh start.